 Dungeon Crawl Stone Soup version 0.26-a0-712-ga5a9c9c9d0 (webtiles) character file.

Game seed: 7085165254906039300

72 FrothyCoffee the Ruffian (level 4, 0/39 HPs)
             Began as a Naga Transmuter on Nov 10, 2020.
             Slain by an orc
             ... wielding a +2 vorpal war axe
              (1 damage)
             ... on level 2 of the Dungeon.
             The game lasted 00:11:49 (3128 turns).

FrothyCoffee the Ruffian (Naga Transmuter)          Turns: 3128, Time: 00:11:49

Health: 0/39       AC:  2    Str: 14    XL:     4   Next: 26%
Magic:  5/7        EV: 10    Int: 13    God:
Gold:   155        SH:  5    Dex: 11    Spells: 2/8 levels left

rFire    . . .     SeeInvis +     - Unarmed
rCold    . . .     Faith    .   (no shield)
rNeg     . . .     Spirit   .   a - +0 robe
rPois    +         Reflect  +   (helmet currently unavailable)
rElec    .         Harm     .   (no cloak)
rCorr    .         Rampage  .   (no gloves)
MR       .....                  (no barding)
Stlth    +.........             c - amulet of reflection
HPRegen  0.13/turn              (no ring)
MPRegen  0.10/turn              (no ring)

@: short of breath, appendages, wereblooded (expiring), very slow
A: large, horns 2, see invisible, deformed body, poison resistance, slowness 2,
spit poison 1, AC +1
a: Spit Poison, End Transformation


You were on level 2 of the Dungeon.
You had grown temporary horns.
You visited 1 branch of the dungeon, and saw 3 of its levels.

You collected 155 gold pieces.

Inventory:

Hand Weapons
 b - a +0 hunting sling
 t - a cursed +0 hunting sling
Missiles
 g - 103 stones (quivered)
 l - 22 sling bullets
 o - 26 bolts
 v - a throwing net
Armour
 a - a +0 robe (worn)
 k - a +2 ring mail of magic resistance
Jewellery
 c - an amulet of reflection (around neck)
 f - an uncursed amulet of guardian spirit {unknown}
Scrolls
 j - a scroll of noise {unknown}
 m - a scroll of identify
 p - a scroll of amnesia {unknown}
 s - a scroll of teleportation {unknown}
 u - a scroll of magic mapping {unknown}
Potions
 d - a potion of haste {unknown}
 e - 2 potions of brilliance {unknown}
 h - a potion of curing {unknown}
 i - a potion of stabbing {unknown}
 n - a potion of degeneration {unknown}
 q - a potion of resistance {unknown}
 r - a potion of flight {unknown}


   Skills:
 + Level 2.1 Fighting
 - Level 1.5 Dodging
 + Level 0.1 Stealth
 + Level 3.5 Unarmed Combat
 - Level 2.5 Spellcasting
 * Level 2.8 Transmutations
 + Level 0.1 Poison Magic


You had 2 spell levels left.
You knew the following spells:

 Your Spells              Type           Power        Failure   Level
a - Beastly Appendage     Tmut           #.....       8%          1
b - Wereblood             Tmut           #.......     12%         2
c - Spider Form           Tmut/Pois      #.........   36%         3

Your spell library contained the following spells:

 Spells                   Type           Power        Failure   Level
 Ice Form                 Ice/Tmut       #.......     80%         4
 Blade Hands              Tmut           #.........   91%         5


Dungeon Overview and Level Annotations

Branches:
Dungeon (3/15)

Altars:


Innate Abilities, Weirdness & Mutations

You cannot wear boots.
Your serpentine skin is tough. (AC +1)
You have supernaturally acute eyesight. (SInv)
Armour fits poorly on your strangely shaped body.
Your system is resistant to poisons. (rPois)
You cover ground very slowly.
You can spit poison.
You have a pair of horns on your head.


Message History

The leopard gecko closely misses you.
Press: ? - help, Shift-Dir - straight line, f - leopard gecko
Aim: a leopard gecko The splash of poison hits the leopard gecko.
The leopard gecko is poisoned.
The leopard gecko is heavily wounded.
The leopard gecko barely misses you.
You hit the leopard gecko.
You kill the leopard gecko!
You closely miss the orc.
The orc is heavily wounded.
The orc closely misses you.
You barely miss the orc.
The orc is heavily wounded.
The orc hits you but does no damage.
You hit the orc but do no damage. Your headbutt misses the orc.
The orc is heavily wounded.
The orc hits you with a +2 vorpal war axe!
* * * LOW HITPOINT WARNING * * *
You die...

###.## #.# #######.### #.# #.#
#.....#.# #.# #.# #.###.#.# ##+##
#.# #.# #[#.# ##..[## #.#
#.###.#.# #...<.## #.# ##.#.....#
.......## ##.## #.......## #
........####...#######.#####.####
........'..[.).o@......# #....'
........####.>.##.####.# #.####
.......## ##.###.# #.# #.# #
#.....## ### #.# #.#####.#
##...## #####.# #.......# ##'##
#.....# #####.### #.# #.###.# #.#
#.##### #.###.# #####.####
##.#...## #.##..# #........###


You could see an orc.

Vanquished Creatures
  2 adders (D:2)
  An ooze (D:1)
  2 dart slugs
  2 leopard geckos (D:2)
  2 orcs (D:2)
  2 giant cockroaches (D:2)
  6 hobgoblins
  A quokka (D:2)
  7 bats
  3 frilled lizards
  7 goblins
  2 kobolds (D:2)
  4 rats
41 creatures vanquished.

Notes
Turn   | Place    | Note
-------+----------+-------------------------------------------
     0 | D:1      | FrothyCoffee the Naga Transmuter began the quest for the
                  | Orb.
     0 | D:1      | Reached XP level 1. HP: 18/18 MP: 3/3
   330 | D:1      | Reached XP level 2. HP: 17/25 MP: 5/5
  1477 | D:2      | Reached XP level 3. HP: 31/31 MP: 6/6
  2303 | D:2      | Learned a level 2 spell: Wereblood
  2393 | D:2      | Reached XP level 4. HP: 27/39 MP: 3/7
  2979 | D:2      | Learned a level 3 spell: Spider Form
  3128 | D:2      | HP: 1/39 [orc/+2 vorpal war axe (9)]
  3128 | D:2      | Slain by an orc

Illustrated notes

Levels and vault maps discovered:
D:1:      co_arrival_random_square_maze, layout_basic,
          chequers_serial_rivers_small_3
D:2:      layout_loops_corners, minmay_misc_feat_rows
D:3:      layout_loops_ring, nemelex_xobeh_ov_fountains_minmay,
          lemuel_statue_altar, uniq_natasha

Skill      XL: |  1  2  3 |
---------------+----------+-----
Fighting       | 2 |  2.1
Dodging        | |  1.5
Stealth        | |  0.1
Unarmed Combat | |  3.5
Spellcasting   | |  2.5
Transmutations | |  2.8
Poison Magic   | |  0.1

Action                   |  1- 3 |  4- 6 || total
-------------------------+-------+-------++-------
Melee: Unarmed           |    81 |    36 ||   117
       Headbutt          |     4 |     3 ||     7
 Fire: Hunting sling     |    30 |       ||    30
Throw: Stone             |     2 |       ||     2
 Cast: Beastly Appendage |    13 |     9 ||    22
       Wereblood         |     1 |     3 ||     4
 Abil: Spit Poison       |     7 |     1 ||     8
  Use: Scroll            |     2 |       ||     2
Armor: Robe              |    19 |     3 ||    22
Dodge: Dodged            |    56 |    31 ||    87
Block: Other             |    10 |     8 ||    18
       Reflection        |     1 |     2 ||     3

Table legend: (Time is in decaauts)
 A = Elapsed time spent in this place.
 B = Non-inter-level travel time spent in this place.
 C = Inter-level travel time spent in this place.
 D = Time resting spent in this place.
 E = Time spent auto-exploring this place.
 F = Levels seen in this place.
 G = Mean time per level.
                   A        B        C        D        E       F      G
               +--------+--------+--------+--------+--------+-----+--------+
         Total |   3799 |   3694 |    105 |    822 |   2035 |   3 | 1266.3 |
       Dungeon |   3799 |   3694 |    105 |    822 |   2035 |   3 | 1266.3 |
               +--------+--------+--------+--------+--------+-----+--------+

Top non-repeatable levels by time:
     D:2: 2039 daAuts
     D:1: 1751 daAuts
     D:3: 9 daAuts
